 Dungeon Crawl Stone Soup version 0.26-a0-646-g5d7718319a (webtiles) character file.

Game seed: 6385667619963227425

14 DogServant the Vexing (level 2, 0/16 HPs)
             Began as a Kobold Arcane Marksman on Sept 24, 2020.
             Slain by a hobgoblin (2 damage)
             ... on level 1 of the Dungeon.
             The game lasted 00:01:25 (370 turns).

DogServant the Vexing (Kobold Arcane Marksman)       Turns: 370, Time: 00:01:25

Health: 0/16       AC:  2    Str:  7    XL:     2   Next: 60%
Magic:  3/3        EV: 15    Int: 14    God:
Gold:   11         SH:  0    Dex: 15    Spells: 2/3 levels left

rFire    . . .     SeeInvis .   a - +0 hand crossbow
rCold    . . .     Faith    .   (shield restricted)
rNeg     . . .     Spirit   .   e - +0 robe
rPois    .         Reflect  .   (no helmet)
rElec    .         Harm     .   (no cloak)
rCorr    .         Rampage  .   (no gloves)
MR       .....                  (no boots)
Stlth    ++........             (no amulet)
HPRegen  0.05/turn              (no ring)
MPRegen  0.08/turn              (no ring)

@: no status effects
A: small, nightstalker 3
a: no special abilities


You were on level 1 of the Dungeon.
You visited 1 branch of the dungeon, and saw 1 of its levels.

You collected 11 gold pieces.

Inventory:

Hand Weapons
 a - a +0 hand crossbow (weapon)
 g - a +0 short sword
Missiles
 d - 19 bolts (quivered)
 f - 17 arrows
Armour
 e - a +0 robe (worn)
Scrolls
 b - a scroll of remove curse {unknown}
 c - a scroll of fear {unknown}


   Skills:
 - Level 1.1 Fighting
 * Level 3.1 Crossbows
 + Level 2.7 Dodging
 - Level 1.1 Spellcasting
 + Level 3.2 Hexes


You had 2 spell levels left.
You knew the following spells:

 Your Spells              Type           Power        Failure   Level
a - Corona                Hex            #......      7%          1

Your spell library contained the following spells:

 Spells                   Type           Power        Failure   Level
 Slow                     Hex            #.......     11%         2
 Inner Flame              Hex/Fire       #.......     38%         3
 Portal Projectile        Hex/Tloc       #.....       38%         3
 Cause Fear               Hex            #.........   56%         4
 Leda's Liquefaction      Hex/Erth       #.........   80%         4


Dungeon Overview and Level Annotations

Branches:
Dungeon (1/15)

Altars:


Innate Abilities, Weirdness & Mutations

You are small and have problems with some larger weapons.
You are completely attuned to the shadows.


Message History

The bat hits you but does no damage. The bat barely misses you.
The bat completely misses you. The bat misses you. The bat barely misses you.
You hit something. Something hits you.
Casting: Corona (safe; 7% risk of failure)
Confirm with . or Enter, or press ? or * to list all spells.
Aiming: Corona (safe; 7% risk of failure)
Press: ? - help, Shift-Dir - straight line, f - bat
Aim: a bat (chance to defeat MR: 62%)
Okay, then.
Something hits you.
* * * LOW HITPOINT WARNING * * *
a - a +0 hand crossbow (weapon)
Something completely misses you.
Firing (i - inventory)
d - 20 bolts (quivered)
Press: ? - help, Shift-Dir - straight line You shoot a bolt.
Something hits you.
You die...

#########
###.......###########
.........#.........#
###.......#.#######.#
#...........b{.# #.#
#.........#.##@# #.#
..........#.##.####.#
#................†..#########
#.....####..##.####.........#
###.... ....##.# #.....###.#
..#..##.# #####.# #.#
..#..##.# #.# #.# ........#
#.# #.# #....###########†#
#.#


You could see a bat.

Vanquished Creatures
  An ooze (D:1)
  A dart slug (D:1)
  A goblin (D:1)
  2 hobgoblins (D:1)
  3 frilled lizards (D:1)
  A rat (D:1)
9 creatures vanquished.

Notes
Turn   | Place    | Note
-------+----------+-------------------------------------------
     0 | D:1      | DogServant the Kobold Arcane Marksman began the quest for
                  | the Orb.
     0 | D:1      | Reached XP level 1. HP: 12/12 MP: 2/2
   136 | D:1      | Reached XP level 2. HP: 9/16 MP: 3/3
   370 | D:1      | Slain by a hobgoblin

Illustrated notes

Levels and vault maps discovered:
D:1:      tarquinn_simple_flora_water_e, layout_loops_ring,
          minmay_misc_feat_columns, nrook_loot_triangle,
          hangedman_decor_slide_cut

Skill      XL: |  1  2 |
---------------+-------+-----
Crossbows      | 3 |  3.1
Fighting       | |  1.1
Dodging        | |  2.7
Spellcasting   | |  1.1
Hexes          | |  3.2

Action                   || total
-------------------------++-------
Melee: Short sword       ||    27
 Fire: Hand crossbow     ||     3
 Cast: Corona            ||     2
 Stab: Sleeping          ||     4
Armor: Robe              ||     8
Dodge: Dodged            ||    31

Table legend: (Time is in decaauts)
 A = Elapsed time spent in this place.
 B = Non-inter-level travel time spent in this place.
 C = Inter-level travel time spent in this place.
 D = Time resting spent in this place.
 E = Time spent auto-exploring this place.
 F = Levels seen in this place.
 G = Mean time per level.
                   A        B        C        D        E       F      G
               +--------+--------+--------+--------+--------+-----+--------+
         Total |    372 |    372 |      0 |    114 |    154 |   1 |  372.0 |
       Dungeon |    372 |    372 |      0 |    114 |    154 |   1 |  372.0 |
               +--------+--------+--------+--------+--------+-----+--------+

Top non-repeatable levels by time:
     D:1: 372 daAuts
